 Dungeon Crawl Stone Soup version 0.31-a0-303-gdc8c9485ea (webtiles) character file.

Game seed: 8432651202151567178

241 cforsyth the Covered (level 6, -2/55 HPs)
             Began as a Meteoran Fighter on July 17, 2023.
             Slain by a black bear (5 damage)
             ... on level 5 of the Dungeon.
             The game lasted 00:05:22 (1117 turns).

cforsyth the Covered (Meteoran Fighter)             Turns: 1117, Time: 00:05:22

Health: -2/55      AC:  7    Str: 19    XL:     6   Next: 56%
Magic:  7/7        EV: 14    Int: 11    God:
Gold:   113        SH:  5    Dex: 13    Spells: 5/5 levels left

rFire   . . .        a - +0 long sword
rCold   . . .        c - +0 buckler
rNeg    + . .        b - +0 scale mail
rPois   .            (no helmet)
rElec   .            (no cloak)
rCorr   .            (no gloves)
SInv    .            (no boots)
Will    .....        (no amulet) Stlth
                     e - +5 ring of evasion
HPRegen 0.29/turn    i - ring of positive energy
MPRegen 0.10/turn

%: no passive effects
@: glowing
A: sense surroundings 1, otherworldly, glowing, explore regen
a: no special abilities


You were on level 5 of the Dungeon.
You visited 1 branch of the dungeon, and saw 5 of its levels.

You collected 113 gold pieces.

Inventory:

Hand Weapons
 a - a +0 long sword (weapon)
Armour
 b - a +0 scale mail (worn)
 c - a +0 buckler (worn)
Jewellery
 e - a +5 ring of evasion (left hand)
 i - a ring of positive energy (right hand)
Scrolls
 g - a scroll of amnesia {unknown}
 k - 4 scrolls of identify {unknown}
 m - a scroll of revelation {unknown}
 n - a scroll of noise {unknown}
 o - a scroll of poison {unknown}
 q - a scroll of acquirement {unknown}
 r - a scroll of enchant weapon {unknown}
 s - a scroll of torment {unknown}
Potions
 d - a potion of might
 f - a potion of lignification {unknown}
 h - a potion of curing {unknown}
 j - a potion of heal wounds
 l - 2 potions of haste {unknown}
 p - a potion of attraction {unknown}


   Skills:
 + Level 4.9 Fighting
 - Level 2.8 Long Blades
 + Level 5.3 Armour
 + Level 5.3 Shields


You had 5 spell levels left.
You didn't know any spells.
Your spell library contained the following spells:

 Spells                   Type           Power      Damage    Failure   Level
 Magic Dart               Conj           0%         1d3       77%         1
 Call Imp                 Summ           0%         N/A       88%         2
 Mephitic Cloud           Conj/Pois/Air  0%         N/A       98%         3
 Vhi's Electric Charge    Tloc/Air       0%         N/A       98%         3
 Arcjolt                  Conj/Air       0%         1d10      100%        5
 Maxwell's Capacitive Co  Air            0%         ∞         100%        8


Dungeon Overview and Level Annotations

Branches:
Dungeon (5/15) Zot: 1835
 Temple: D:4-7

Altars:
Elyvilon
Fedhas
Wu Jian
Zin

Shops:
D:3 [


Innate Abilities, Weirdness & Mutations

You passively map a small area around you.
You are easily found by Zot.
You glow in the dark.
You regain HP and MP as you explore.


Message History

You block the black bear's attack. The black bear barely misses you.
You hit the black bear.
The black bear is heavily wounded.
You block the black bear's attack.
The black bear claws you but does no damage.
The black bear claws you.
You hit the black bear but do no damage.
The black bear is heavily wounded.
The black bear closely misses you. x2
The black bear claws you but does no damage.
The black bear bites you. You block the black bear's attack.
The black bear misses you.
You hit the black bear but do no damage.
The black bear is heavily wounded.
The black bear bites you.
The black bear claws you but does no damage.
The black bear closely misses you.
You hit the black bear.
The black bear is severely wounded.
The black bear bites you but does no damage.
The black bear claws you but does no damage. x2
You hit the black bear.
The black bear is almost dead.
The black bear goes berserk!
The black bear bites you! The black bear claws you.
The black bear closely misses you.
You hit the black bear.
The black bear is almost dead.
The black bear bites you.
* * * LOW HITPOINT WARNING * * *
The black bear misses you. The black bear claws you.
* * * LOW HITPOINT WARNING * * *
The black bear bites you.
* * * LOW HITPOINT WARNING * * *
The black bear claws you.
* * * LOW HITPOINT WARNING * * *
The black bear claws you but does no damage.
You barely miss the black bear.
The black bear is almost dead.
The black bear bites you.
You die...

* * * * ,* *$ * .# **
.## ##+## * ..# ##...##
* * , #.###.....## * ,
,* #.##.......## *,##
####.#.........####...##
_8##.'.........'@h.....#
~##..#.........####...##
* ≈##..##.......## ##
##..####.....## , #..##
##...## * ** ..## #.+##
* .## * #.# ##, , ,,. *
# * *


You could see a black bear (berserk).

Vanquished Creatures
  A phantom (D:3)
  A scorpion (D:4)
  A hound (D:5)
  Jessica (D:3)
  An adder (D:2)
  2 worms (D:2)
  A dart slug (D:1)
  3 bats
  3 endoplasms
  A giant cockroach (D:2)
  6 goblins
  3 hobgoblins
  3 quokkas
  5 ball pythons
  A frilled lizard (D:2)
  A kobold (D:3)
  A rat (D:2)
35 creatures vanquished.

Notes
Turn   | Place    | Note
-------+----------+-------------------------------------------
     0 | D:1      | cforsyth the Meteoran Fighter began the quest for the Orb.
     0 | D:1      | Reached XP level 1. HP: 19/19 MP: 2/2
    65 | D:1      | Reached XP level 2. HP: 25/26 MP: 3/3
    87 | D:1      | Found a faded altar of an unknown god.
   399 | D:2      | Reached XP level 3. HP: 31/31 MP: 4/4
   428 | D:2      | Found a blossoming altar of Fedhas.
   512 | D:3      | Found Wakuew's Antique Armour Emporium.
   596 | D:2      | Reached XP level 4. HP: 31/40 MP: 5/5
   818 | D:3      | Noticed Jessica
   825 | D:3      | Killed Jessica
   884 | D:3      | Noticed a phantom
   897 | D:3      | Killed a phantom
   898 | D:3      | Reached XP level 5. HP: 23/47 MP: 6/6
   924 | D:4      | HP: 1/47 [poisoned by a scorpion]
   927 | D:4      | Reached skill level 5 in Armour
   927 | D:4      | Reached skill level 5 in Shields
   927 | D:4      | Reached XP level 6. HP: 13/53 MP: 7/7
  1012 | D:5      | Entered Level 5 of the Dungeon
  1080 | D:5      | Found an ornate altar of the Wu Jian Council.
  1080 | D:5      | Found a white marble altar of Elyvilon.
  1081 | D:5      | Found a glowing silver altar of Zin.
  1102 | D:5      | Noticed a black bear
  1117 | D:5      | Slain by a black bear

Illustrated notes

Levels and vault maps discovered:
D:1:      lemuel_arrival_river_ford, layout_loops_corners,
          shapermc_ecumenical_altar_venn, minmay_misc_feat_doors
D:2:      layout_basic, basic_altar
D:3:      layout_loops_ring, cheibriados_altar_1, serial_shops, shop, shop,
          shop, roderic_cross_of_infinity, kennysheep_jessica_study
D:4:      layout_rooms, kennysheep_mini, dancing_weapons_uskayaw,
          portal_sewer_entry_b, nicolae_specific_store
D:5:      layout_loops_corners, gammafunk_temple_overflow_claw,
          trog_butcher_becter, minmay_misc_feat_encased, nicolae_elemental_shop,
          minmay_misc_feat_five, hangedman_decor_points

Skill      XL: |  1  2  3  4  5 |
---------------+----------------+-----
Armour         | 4 5 |  5.3
Shields        | 4 5 |  5.3
Fighting       | 4 |  4.9
Long Blades    | |  2.8

Action                     |  1- 3 |  4- 6 || total
---------------------------+-------+-------++-------
  Melee: Long sword        |    75 |    78 ||   153
    Use: Potion            |       |     1 ||     1
 Armour: Scale mail        |    28 |    43 ||    71
  Dodge: Dodged            |    44 |    62 ||   106
  Block: Buckler           |    28 |    18 ||    46

Table legend: (Time is in decaauts)
 A = Elapsed time spent in this place.
 B = Non-inter-level travel time spent in this place.
 C = Inter-level travel time spent in this place.
 D = Time resting spent in this place.
 E = Time spent auto-exploring this place.
 F = Levels seen in this place.
 G = Mean time per level.
                   A        B        C        D        E       F      G
               +--------+--------+--------+--------+--------+-----+--------+
         Total |   1163 |   1163 |      0 |      0 |      7 |   5 |  232.6 |
       Dungeon |   1163 |   1163 |      0 |      0 |      7 |   5 |  232.6 |
               +--------+--------+--------+--------+--------+-----+--------+

Top non-repeatable levels by time:
     D:1: 394 daAuts
     D:2: 328 daAuts
     D:3: 219 daAuts
     D:4: 111 daAuts
     D:5: 110 daAuts
